 Dungeon Sprint DCSS version 0.21-a0-49-g7bf2ba4 (webtiles) character file.

1423 Kidiri the Grappler (level 8, 0/88 HPs)
             Began as a Troll Monk on June 10, 2017.
             Was an Elder of Wu Jian.
             Slain by a two-headed ogre
             ... wielding a +0 giant spiked club
              (22 damage)
             ... in the Dungeon (Sprint III: "The Ten Rune Challenge").
             The game lasted 00:05:30 (679 turns).

Kidiri the Grappler (Troll Monk)                     Turns: 679, Time: 00:05:31

Health: 0/88       AC:  5    Str: 20    XL:     8   Next: 44%
Magic:  8/8        EV: 14    Int:  4    God:    Wu Jian [****..]
Gold:   30         SH:  0    Dex: 14    Spells: 7/7 levels left

rFire    . . .     SeeInvis .     - Unarmed
rCold    . . .     Gourm    +   (no shield)
rNeg     . . .     Faith    .   a - +0 robe
rPois    .         Spirit   .   (helmet restricted)
rElec    .         Reflect  .   (no cloak)
rCorr    .         Harm     .   (gloves unavailable)
MR       .....     Clarity  +   (boots unavailable) Stlth +++.......NoTele +
                                (no amulet)
Regen    0.7/turn               (no ring)
MPRegen  0.2/turn               (no ring)

@: exhausted
A: unfitting armour, claws 3, clarity, dopey 1, fast metabolism 3, gourmand,
regeneration 1, shaggy fur 1, tough skin 2, MP-powered wands
a: Serpent's Lash, Renounce Religion


You were in the Dungeon.
You worshipped Wu Jian.
Wu Jian was greatly pleased with you.
You were very full.

You visited 1 branch You collected 30 gold pieces.

Inventory:

Armour
 a - a +0 robe (worn)
Wands
 h - a wand of paralysis (11/24)
Scrolls
 l - 2 scrolls of immolation {unknown}
 n - 3 scrolls of remove curse
Potions
 c - a potion of heal wounds
 e - a potion of haste
 f - 2 potions of magic
 g - a potion of berserk rage
 i - a potion of ambrosia
 j - a potion of resistance
 p - 3 potions of flight
 r - a potion of agility
Comestibles
 b - 2 bread rations
 k - a royal jelly
 o - 2 fruits
 q - a meat ration


   Skills:
 * Level 7.9 Fighting
 + Level 5.0 Armour
 * Level 7.9 Dodging
 * Level 5.8 Stealth
 * Level 9.4 Unarmed Combat
 + Level 1.5 Evocations


You had 7 spell levels left.
You didn't know any spells.

Dungeon Overview and Level Annotations

Branches:
Dungeon (1/1)

Altars:
Cheibriados
Dithmenos
Elyvilon
Fedhas
Gozag
Hepliaklqana
Kikubaaqudgha
Makhleb
Nemelex Xobeh
Okawaru
Qazlal
Ru
Sif Muna
Trog
Uskayaw
Vehumet
Wu Jian
Xom
Yredelemnul
Zin
The Shining One
Beogh
Jiyva
Lugonu


Innate Abilities, Weirdness & Mutations

You are too large for most types of armour.
You have claws for hands.
Your metabolism is lightning-fast.
You like to eat raw meat.
Your natural rate of healing is unusually fast.
You are covered in fur. (AC +1)
You have very tough skin. (AC +2)
You possess an exceptional clarity of mind.
You are dopey. (Int -2)
You expend magic power (3 MP) to strengthen your wands.


Message History

The two-headed ogre is heavily wounded.
The two-headed ogre closely misses you. x2
Things that are here:
a giant club x2
Things that are here:
a giant club x2
There is an open door here.
Your muscles tense, ready for explosive movement...
Zoom!
You lunge with incredible momentum at the two-headed ogre.
You mangle the two-headed ogre!!
The two-headed ogre is almost dead.
ZOOOM!
Unknown command.
You spin and attack the two-headed ogre.
You barely miss the two-headed ogre. Your claw misses the two-headed ogre.
The two-headed ogre is almost dead.
The two-headed ogre closely misses you.
The two-headed ogre hits you with a giant club!!
You die...

#####..#___#___#__#
.#..#..#..)#__)#._#
.#..#..###+#+###+##
.##+#..#.......)..#
.###...'.⌠........#
####...#...######'#
###....#.⌠.#__#..§#+#############
##.....#...#__#..§#....#.#.#.....
#......#+###__#.@O##.#.)#.##.###.
.#.....#.:)#__#...'##.#)#.##.#
###....#___#__+...#.).#..#..##
▓▓▓▓▓▓▓▓▓▓▓▓▓▓▓▓▓▓▓▓▓▓▓▓▓▓▓


You could see a two-headed ogre.

Vanquished Creatures
  A deep elf mage (D)
  A shadow (D)
  A spatial vortex (D)
  A necrophage (D)
  3 two-headed ogres (D)
  A water elemental (D)
  A jelly (D)
  A wizard (D)
  A necromancer (D)
  A kobold demonologist (D)
  3 humans (D)
  An ooze (D)
  A phantom (D)
  3 rats (D)
20 creatures vanquished.

Vanquished Creatures (others)
  2 draconian scorchers (D)
  6 hellions (D)
  A yaktaur (D)
9 creatures vanquished.

Grand Total: 29 creatures vanquished

Notes
Turn   | Place    | Note
-------+----------+-------------------------------------------
     0 | D        | Kidiri the Troll Monk began the quest for the Orb.
     0 | D        | Reached XP level 1. HP: 22/22 MP: 0/0
    72 | D        | Reached XP level 2. HP: 29/29 MP: 1/1
    89 | D        | Reached skill level 1 in Armour
    89 | D        | Reached skill level 4 in Unarmed Combat
    89 | D        | Reached XP level 3. HP: 17/37 MP: 2/2
   101 | D        | Gained mutation: You have a somewhat thin skeletal structure. (Dex +2, Stealth) [potion of mutation]
   101 | D        | Gained mutation: Your magical capacity is low. (-10% MP) [potion of mutation]
   101 | D        | Gained mutation: You are frail. (-10% HP) [potion of mutation]
   101 | D        | Gained mutation: You evolve. [potion of mutation]
   102 | D        | Lost mutation: You have a somewhat thin skeletal structure. (Dex +2, Stealth) [potion of mutation]
   102 | D        | Lost mutation: Your magical capacity is low. (-10% MP) [potion of mutation]
   102 | D        | Lost mutation: You evolve. [potion of mutation]
   102 | D        | Lost mutation: You are frail. (-10% HP) [potion of mutation]
   102 | D        | Gained mutation: You are agile. (Dex +2) [potion of mutation]
   102 | D        | Gained mutation: You possess an exceptional clarity of mind. [potion of mutation]
   103 | D        | Lost mutation: You possess an exceptional clarity of mind. [potion of mutation]
   103 | D        | Lost mutation: You are agile. (Dex +2) [potion of mutation]
   103 | D        | Gained mutation: You are dopey. (Int -2) [potion of mutation]
   103 | D        | Gained mutation: You expend magic power (3 MP) to strengthen your wands. [potion of mutation]
   103 | D        | Gained mutation: You possess an exceptional clarity of mind. [potion of mutation]
   103 | D        | Killed a hellion
   103 | D        | Killed a hellion
   104 | D        | Killed a hellion
   104 | D        | Killed a hellion
   106 | D        | Killed a hellion
   112 | D        | Killed a hellion
   132 | D        | Noticed a water elemental
   140 | D        | Killed a yaktaur
   141 | D        | Killed a water elemental
   141 | D        | Reached XP level 4. HP: 25/48 MP: 3/3
   189 | D        | Found an ornate altar of the Wu Jian Council.
   189 | D        | Found an iron altar of Okawaru.
   190 | D        | Found a roughly hewn altar of Beogh.
   190 | D        | Found a bloodstained altar of Trog.
   190 | D        | Found a hide-covered altar of Uskayaw.
   190 | D        | Noticed a human
   190 | D        | Noticed a human
   192 | D        | Became a worshipper of the Wu Jian Council
   192 | D        | Reached * piety under Wu Jian
   192 | D        | Reached ** piety under Wu Jian
   196 | D        | Killed a white draconian scorcher
   217 | D        | Killed a human
   217 | D        | Reached skill level 5 in Fighting
   217 | D        | Reached skill level 5 in Dodging
   217 | D        | Reached skill level 6 in Unarmed Combat
   217 | D        | Reached XP level 5. HP: 24/57 MP: 4/4
   220 | D        | Killed a human
   220 | D        | Reached XP level 6. HP: 30/67 MP: 5/5
   280 | D        | Found a radiant altar of Vehumet.
   281 | D        | Found a deep blue altar of Sif Muna.
   281 | D        | Found an ancient bone altar of Kikubaaqudgha.
   282 | D        | Reached skill level 7 in Unarmed Combat
   284 | D        | Killed a white draconian scorcher
   303 | D        | Found a glowing silver altar of Zin.
   304 | D        | Found a glowing golden altar of the Shining One.
   304 | D        | Found a white marble altar of Elyvilon.
   304 | D        | Noticed a deep elf mage
   313 | D        | Killed a deep elf mage
   313 | D        | Reached *** piety under Wu Jian
   313 | D        | Reached skill level 5 in Stealth
   313 | D        | Reached skill level 8 in Unarmed Combat
   313 | D        | Reached XP level 7. HP: 78/78 MP: 6/6
   332 | D        | Found a basalt altar of Yredelemnul.
   332 | D        | Found a shadowy altar of Dithmenos.
   332 | D        | Found a sacrificial altar of Ru.
   417 | D        | Noticed a shadow
   420 | D        | Killed a shadow
   420 | D        | Reached XP level 8. HP: 87/87 MP: 7/7
   426 | D        | Reached **** piety under Wu Jian
   452 | D        | Found a blossoming altar of Fedhas.
   452 | D        | Found a stormy altar of Qazlal.
   452 | D        | Found a snail-covered altar of Cheibriados.
   452 | D        | Found a burning altar of Makhleb.
   452 | D        | Found a shimmering altar of Xom.
   453 | D        | Found a hazy altar of Hepliaklqana.
   453 | D        | Found an opulent altar of Gozag.
   453 | D        | Found a sparkling altar of Nemelex Xobeh.
   453 | D        | Found a corrupted altar of Lugonu.
   453 | D        | Found a viscous altar of Jiyva.
   458 | D        | Reached skill level 9 in Unarmed Combat
   458 | D        | Reached skill level 1 in Evocations
   599 | D        | Reached skill level 5 in Armour
   657 | D        | Noticed a two-headed ogre
   679 | D        | Slain by a two-headed ogre

Vault maps used:
D:        dungeon_sprint_mu

Skill      XL: |  1  2  3  4  5  6  7  8 |
---------------+-------------------------+-----
Fighting       | 3 4 5 7 |  7.9
Armour         | 1 2 3 4 5 |  5.0
Dodging        | 3 4 5 7 |  7.9
Stealth        | 2 3 4 5 |  5.8
Unarmed Combat | 4 6 8 9 |  9.4
Evocations     | 1 |  1.5

Action                   |  1- 3 |  4- 6 |  7- 9 || total
-------------------------+-------+-------+-------++-------
Melee: Unarmed           |    28 |    32 |    37 ||    97
       Punch             |       |     1 |     1 ||     2
Invok: Serpent's Lash    |       |       |     2 ||     2
  Use: Potion            |     3 |     2 |       ||     5
       Scroll            |     3 |     1 |       ||     4
 Stab: Sleeping          |     2 |     2 |     1 ||     5
  Eat: Chunk             |     1 |     3 |     7 ||    11
Armor: Robe              |     2 |     4 |       ||     6
Dodge: Dodged            |    16 |    14 |    18 ||    48
